 Dungeon Crawl Stone Soup version 0.31-a0-1529-g7bd419a0e5 (webtiles) character file.

Game seed: 7926626801786075047

1649156 Laraso the Skinwalker (level 26, 243/243 (246) HPs)
             Began as a Green Draconian Shapeshifter on Dec 31, 2023.
             Was the Champion of Qazlal.
             Escaped with the Orb
             ... and 3 runes on Jan 1, 2024!
             The game lasted 02:13:57 (71258 turns).

Laraso the Skinwalker (DrSh)                       Turns: 71258, Time: 02:13:58

HP:   243/243 (246) AC: 24    Str: 21    XL:     26   Next: 45%
MP:   32/32         EV: 28    Int: 12    God:    Qazlal [******]
Gold: 4113          SH: 32    Dex: 22    Spells: 13/33 levels left

rFire   . .          .
                       - Unarmed
rCold   + . .        t - +5 kite shield
rNeg    + + +        (body armour unavailable) rPois āˆž
                     y - +2 hat
rElec   .            X - scarf {shadows}
rCorr   .            H - +2 pair of gloves {Stlth+}
SInv    +            P - +2 pair of boots {Fly}
Will    +++..        F - amulet of reflection
Stlth   +            M - +4 ring of protection
HPRegen 0.60/turn    Z - ring "Huotem" {Will+ Dex+3 SInv}
MPRegen 0.23/turn

%: repel missiles, reflection
@: death-form, flying, studying Earth Magic, lightly drained
A: vile attack, torment immunity, no potions, (breathe noxious fumes), AC +12,
unfitting armour, stinger 1, poison resistance, cold-blooded, horns 1, low MP 1,
strong 1
0: Orb of Zot
}: 3/15 runes: barnacled, silver, gossamer
a: Siphon Essence, Begin Untransformation, Renounce Religion, Upheaval,
Elemental Force, Disaster Area


You escaped.
You worshipped Qazlal.
Qazlal was exalted by your worship.
You were an undying horror.
You visited 11 branches of the dungeon, and saw 49 of its levels.
You visited the Abyss 1 time.
You visited 1 bazaar.

You collected 8485 gold pieces.
You spent 4372 gold pieces at shops.

Inventory:

Missiles
 s - 3 throwing nets
Armour
 j - a +2 cloak
 t - a +5 kite shield (worn)
 y - a +2 hat (worn)
 H - a +2 pair of gloves of stealth (worn)
 P - a +2 pair of boots of flying (worn)
 X - a scarf of shadows (worn)
Jewellery
 c - a ring of resist corrosion
 p - a ring of protection from fire
 x - a ring of protection from cold
 F - an amulet of reflection (around neck)
 M - a +4 ring of protection (left hand)
 Z - the ring "Huotem" (right hand) {Will+ Dex+3 SInv}
   (You acquired it on level 2 of the Shoals)

   [ring of see invisible]

   Dex+3:     It affects your dexterity (+3).
   Will+:     It increases your willpower.
   SInv:      It lets you see invisible.
Talismans
 d - a granite talisman
 m - a talisman of death (active)
 C - a dragon-blood talisman
 O - a blade talisman
Wands
 f - a wand of polymorph (31)
 q - a wand of light (19)
 r - a wand of charming (80)
 D - a wand of mindburst (32)
 E - a wand of flame (50)
 K - a wand of iceblast (25)
 Q - a wand of digging (1)
Scrolls
 a - 3 scrolls of silence
 b - 2 scrolls of fear
 e - 8 scrolls of fog
 i - 3 scrolls of blinking
 A - 18 scrolls of teleportation
 J - 5 scrolls of immolation
 L - 5 scrolls of poison
 T - 2 scrolls of vulnerability
 V - 4 scrolls of torment
 Y - 2 scrolls of butterflies
Potions
 g - 2 potions of haste
 k - 18 potions of brilliance
 l - 16 potions of curing
 n - 10 potions of attraction
 o - 10 potions of might
 u - 13 potions of enlightenment
 v - 2 potions of berserk rage
 w - 5 potions of resistance
 z - 3 potions of cancellation
 B - 7 potions of invisibility
 I - 10 potions of heal wounds
 N - 7 potions of mutation
 U - 9 potions of ambrosia
 W - 5 potions of magic
Miscellaneous
 h - a box of beasts
 G - a lightning rod (4/4)


   Skills:
 * Level 21.7 Fighting
 * Level 20.3 Dodging
 - Level 12.0 Shields
 - Level 20.0 Unarmed Combat
 - Level 4.0 Spellcasting
 - Level 5.0 Necromancy
 - Level 5.0 Translocations
 - Level 9.0 Ice Magic
 - Level 6.0 Air Magic
 - Level 18.0 Invocations
 - Level 3.0 Evocations
 - Level 25.0 Shapeshifting


You had 13 spell levels left.
You knew the following spells:

 Your Spells              Type           Power      Damage    Failure   Level
a - Lesser Beckoning      Tloc           28%        N/A       8%          2
b - Blink                 Tloc           28%        N/A       8%          2
c - Vampiric Draining     Necr           14%        2d7       14%         3
d - Ozocubu's Armour      Ice            24%        N/A       2%          3
e - Fugue of the Fallen   Necr           14%        N/A       14%         3
r - Vhi's Electric Charg  Tloc/Air       30%        N/A       36%         4
s - Swiftness             Air            16%        N/A       10%         3

Your spell library contained the following spells:

 Spells                   Type           Power      Damage    Failure   Level
 Freeze                   Ice            96%        1d10      1%          1
 Frozen Ramparts          Ice            48%        1d8       2%          3
 Sublimation of Blood     Necr           14%        N/A       8%          2
 Ensorcelled Hibernation  Hex/Ice        26%        N/A       9%          2
 Gell's Gravitas          Tloc           14%        N/A       14%         3
 Teleport Other           Tloc           14%        N/A       14%         3
 Mercury Vapours          Alch/Air       18%        N/A       17%         2
 Static Discharge         Conj/Air       18%        3-4/arc   17%         2
 Hailstorm                Conj/Ice       13%        3d6       19%         3
 Summon Ice Beast         Ice/Summ       13%        N/A       19%         3
 Airstrike                Air            8%         2d(2-18)  32%         4
 Magic Dart               Conj           8%         1d3       36%         1
 Sandblast                Erth           4%         2d4       36%         1
 Slow                     Hex            8%         N/A       36%         1
 Sting                    Conj/Alch      8%         1d3       36%         1
 Summon Small Mammal      Summ           8%         N/A       36%         1
 Volatile Blastmotes      Fire/Tloc      16%        2d11      38%         3
 Animate Dead             Necr           14%        N/A       43%         4
 Mephitic Cloud           Conj/Alch/Air  7%         N/A       45%         3
 Call Imp                 Summ           4%         N/A       50%         2
 Searing Ray              Conj           4%         2d4       50%         2
 Summon Lightning Spire   Summ/Air       9%         N/A       73%         4
 Call Canine Familiar     Summ           2%         N/A       75%         3
 Confusing Touch          Hex            2%         N/A       75%         3
 Dazzling Flash           Conj/Hex       4%         N/A       75%         3
 Inner Flame              Hex/Fire       2%         N/A       75%         3
 Passwall                 Erth           2%         N/A       75%         3
 Sigil of Binding         Hex            2%         N/A       75%         3
 Stone Arrow              Conj/Erth      4%         3d7       75%         3
 Anguish                  Hex/Necr       4%         N/A       80%         4
 Freezing Cloud           Conj/Ice/Air   7%         6-21      80%         5
 Metabolic Englaciation   Hex/Ice        6%         N/A       86%         5
 Arcjolt                  Conj/Air       4%         1d14      97%         5
 Brom's Barrelling Bould  Conj/Erth      2%         2d3       98%         4
 Cause Fear               Hex            1%         N/A       98%         4
 Fulminant Prism          Conj/Alch      1%         3d5       98%         4
 Leda's Liquefaction      Alch/Erth      1%         N/A       98%         4
 Olgreb's Toxic Radiance  Alch           2%         N/A       98%         4
 Summon Blazeheart Golem  Fire/Summ      2%         N/A       98%         4
 Borgnjor's Vile Clutch   Necr/Erth      4%         N/A       98%         5
 Fireball                 Conj/Fire      1%         3d3       100%        5
 Lee's Rapid Deconstruct  Erth           1%         3d4*      100%        5
 Summon Mana Viper        Hex/Summ       2%         N/A       100%        5
 Bombard                  Conj/Erth      1%         9d1       100%        6
 Dispersal                Tloc           7%         N/A       100%        6
 Plasma Beam              Fire/Air       4%         2x1d14    100%        6
 Sculpt Simulacrum        Ice/Alch       6%         N/A       100%        6
 Starburst                Conj/Fire      1%         6d3       100%        6
 Haunt                    Necr/Summ      4%         N/A       100%        7
 Monstrous Menagerie      Summ           1%         N/A       100%        7
 Ozocubu's Refrigeration  Ice            12%        4d10      100%        7
 Summon Hydra             Summ           1%         N/A       100%        7
 Borgnjor's Revivificati  Necr           7%         N/A       100%        8
 Discord                  Hex            1%         N/A       100%        8
 Infestation              Necr           7%         N/A       100%        8
 Maxwell's Capacitive Co  Air            8%         āˆž       100%        8
 Death's Door             Necr           7%         N/A       100%        9
 Dragon's Call            Summ           1%         N/A       100%        9
 Fire Storm               Conj/Fire      1%         7d1       100%        9
 Animate Armour           Summ/Erth      Unusable   N/A       N/A         4

Dungeon Overview and Level Annotations

Branches:
Dungeon (15/15)            Temple (1/1) D:4            Lair (5/5) D:8
 Shoals (4/4) Lair:2       Spider (4/4) Lair:2        Slime (1/5) Lair:4
    Orc (2/2) D:10            Elf (0/3) Orc:2        Vaults (5/5) D:14
  Crypt (3/3) Vaults:3       Tomb (0/3) Crypt:3      Depths (4/4) D:15
    Zot (5/5) Depths:4

Altars:
Ashenzari
Cheibriados
Dithmenos
Elyvilon
Fedhas
Gozag
Hepliaklqana
Kikubaaqudgha
Makhleb
Nemelex Xobeh
Okawaru
Qazlal
Ru
Sif Muna
Trog
Uskayaw
Vehumet
Wu Jian
Xom
Yredelemnul
Zin
The Shining One

Shops:
D:1 [   D:5 *   D:7 (   D:8 :   D:15 ?   Orc:2 :*[?   Shoals:3 :   Vaults:2 !
Vaults:4 :   Depths:1 *![*

Portals:
Hell: Depths:1 Depths:2 Depths:3 Depths:4
Abyss: Crypt:3 Depths:1 Depths:3
Pandemonium: Depths:1 Depths:2 Depths:3
Ziggurat: Depths:1

Annotations:
Lair:3 2 transporters, Iich's ghost, journeyman DsFi
Depths:1 1 runed translucent door


Innate Abilities, Weirdness & Mutations

You are an undying horror.
Your melee and unarmed attacks drain, slow and weaken victims.
You are immune to unholy pain and torment.
You cannot drink.
((You can breathe blasts of noxious fumes.))
Your lurid green scales are hard. (AC +12)
You cannot fit into any form of body armour.
Your tail ends in a venomous barb.
Your system is resistant to poisons. (rPois)
You are cold-blooded and may be slowed by cold attacks.
You have a pair of small horns on your head.
Your magical capacity is low. (-10% MP)
Your muscles are strong. (Str +4, Int/Dex -1)


Message History

You block the great orb of eyes's attack.
You pummel the great orb of eyes!!
You kill the great orb of eyes!
Qazlal accepts your kill.
No target in view!
What level of the Dungeon? (default 1, ? - help) HP restored.
There is an open door here.
An Orb Guardian comes into view.
You hit the Orb Guardian.
The Orb Guardian decays.
You drain the Orb Guardian.
You headbutt the Orb Guardian, but do no damage.
You tail-slap the Orb Guardian, but do no damage.
The Orb Guardian is lightly wounded.
You block the Orb Guardian's attack.
You pummel the Orb Guardian!!
The Orb Guardian decays.
You drain the Orb Guardian!
You headbutt the Orb Guardian, but do no damage.
The Orb Guardian is heavily wounded.
You block the Orb Guardian's attack.
You pummel the Orb Guardian!!
The Orb Guardian decays.
You drain the Orb Guardian.
The Orb Guardian is severely wounded.
You punch the Orb Guardian!
The Orb Guardian decays.
Your headbutt misses the Orb Guardian. You tail-slap the Orb Guardian.
The Orb Guardian is poisoned.
The Orb Guardian is almost dead.
You block the Orb Guardian's attack.
You pummel the Orb Guardian like a punching bag!!!
You kill the Orb Guardian!
Qazlal accepts your kill.
No target in view!
There is a stone staircase leading up here.
What level of the Dungeon? (default 1, ? - help)
You fly upwards.
There is a stone staircase leading down here.
There is a staircase leading out of the dungeon here.
Okay, then.
You can't go down here!
Unknown command.
You have escaped!

#######.##########...####.#
........#.#...#.###.##..#.#
.######.#...#.#...#..#.##.#
.#....#(#####.###.##.#..#.#
.#.##.#..#....#....#.##.#.#
.#.##......##.#..#......#.#
.####....###..#..########.#
........##...###Ā°#...#..#.#
.######.##.#....zā—‹...#.##.#
.# ####.#.)#..[#.###...#..#
.###....########..#..###..#
##...##.#......#..#.##)...#
........#.##.#....#..[.#..#
######.##..#.##.###.####### #
#.###.#..#...#.#...#
#.##..##.###.#...#.#
#..####...##########


There were no monsters in sight!

Vanquished Creatures
  Frederick (Vaults:3)
  5 dread liches
  2 ancient liches
  3 orbs of fire (Zot:5)
  Josephina (Zot:2)
  A royal mummy (Crypt:1)
  8 Killer Klowns
  Saint Roka (Depths:2)
  2 caustic shrikes
  3 curse toes
  Margery (Crypt:2)
  6 golden dragons
  Norris (Vaults:1)
  3 doom hounds
  2 bone dragons (Crypt:3)
  2 electric golems (Zot:5)
  A Brimstone Fiend (D:4)
  Jorgrun (Shoals:3)
  2 hellephants
  15 tentacled monstrosities
  Zenata (D:14)
  Grunn (Depths:4)
  3 liches
  Asterion (Depths:1)
  7 quicksilver dragons
  28 Orb Guardians
  5 titans
  9 ancient champions
  A kraken (Shoals:4)
  11 death cobs
  8 sphinxes
  14 storm dragons
  Roxanne (Shoals:2)
  10 shadow dragons
  6 draconian knights
  11 tengu reavers
  8 protean progenitors
  11 frost giants
  A revenant (Crypt:1)
  7 draconian monks
  3 iron dragons
  2 deep elf sorcerers
  8 draconian shifters
  8 fire giants
  Ilsuiw (Shoals:3)
  7 draconian scorchers
  6 ghost moths
  An angel (Shoals:4)
  2 reapers
  5 draconian annihilators
  7 emperor scorpions
  2 orc warlords
  15 vault wardens
  6 ghouls
  13 very ugly things
  2 draconian stormcallers
  2 curse skulls
  28 ironbound preservers
  2 spriggan defenders (Depths:3)
  A caustic shrike skeleton (Crypt:2)
  A rockslime zombie (Crypt:2)
  3 ironbound thunderhulks
  A broodmother (Spider:3)
  6 formless jellyfish
  8 vampire knights
  10 stone giants
  13 black draconians
  22 purple draconians
  Azrael (Spider:3)
  8 spark wasps
  A deep elf demonologist (Vaults:5)
  2 putrid mouths (Depths:4)
  5 red draconians
  5 deep elf annihilators
  3 war gargoyles
  8 yellow draconians
  24 dire elephants
  A lorocyproca (D:13)
  2 spectral titans (Crypt:1)
  6 deep elf death magi
  13 green draconians
  2 bunyips (Zot:4)
  Snorg (Orc:2)
  The ghost of ShellytheWitch the Fighter, a journeyman KoBr of Dithmenos (Lair:1)
  6 white draconians
  A blizzard demon (Depths:2)
  3 eidola
  5 entropy weavers
  11 ettins
  10 merfolk impalers
  2 spectral spriggans (Crypt:1)
  4 deep elf high priests
  3 mummy priests (Crypt:1)
  8 merfolk javelineers
  13 fire dragons
  2 jiangshi (Crypt:2)
  10 yaktaur captains
  12 great orbs of eyes
  10 ice dragons
  2 hell beasts
  5 rakshasas
  2 quicksilver dragon skeletons (Crypt:3)
  28 vault guards
  12 ironbound frosthearts
  Fannar (Lair:1)
  4 catoblepae
  5 hydras
  4 spriggan air magi
  An ogre mage (D:15)
  A sphinx zombie (D:15)
  4 merfolk avatars
  2 alligators (Zot:4)
  4 radroaches
  16 centaur warriors
  14 boulder beetles
  A fenstrider witch skeleton (Crypt:3)
  A dancing weapon (Vaults:4)
  3 alligator snapping turtles
  5 merfolk aquamancers
  4 spriggan skeletons (Crypt:3)
  6 two-headed ogres
  3 death yaks (Shoals:4)
  4 deep troll shamans
  2 satyrs (Shoals:3)
  A spectral stone giant (Crypt:1)
  4 tengu warriors
  3 deep troll earth magi
  4 death knights
  2 spectral dire elephants (Crypt:1)
  2 occultists (Depths:2)
  7 demonic crawlers
  6 spriggan berserkers
  3 vampire magi
  4 orc high priests (Orc:2)
  A shock serpent (shapeshifter) (Vaults:5)
  A storm dragon zombie (D:15)
  16 hell knights
  2 soul eaters
  A sun demon (Depths:3)
  4 spriggans
  7 skysharks
  2 titan skeletons (Crypt:3)
  2 shadow wraiths (Crypt:3)
  59 skeletal warriors
  2 iron trolls
  2 skysharks (shapeshifter)
  3 wretched stars (Abyss:2)
  8 sea snakes
  4 pharaoh ants
  2 spectral anacondas (Crypt:1)
  A spectral bunyip (Crypt:1)
  3 cherubim
  6 flayed ghosts
  A sea snake (shapeshifter) (Vaults:4)
  An iron giant zombie (Crypt:2)
  71 deep trolls
  7 glowing orange brains
  A bunyip zombie (Crypt:3)
  A golden dragon skeleton (Crypt:1)
  12 orb spiders
  2 bog bodies
  2 glowing orange brains (shapeshifter)
  22 ironbound convokers
  2 shadow dragon zombies (Crypt:2)
  An orb spider (shapeshifter) (Vaults:5)
  9 arcanists
  19 lindwurms
  2 starcursed masses (Abyss:2)
  9 necromancers
  9 phantasmal warriors
  6 steelbarb worms
  2 deep elf zephyrmancers (Vaults:5)
  An obsidian statue (Crypt:1)
  3 sun moths
  15 harpies
  13 orc knights
  5 deep elf pyromancers
  2 iron dragon zombies
  17 wolf spiders
  19 manticores
  A spectral alligator snapping turtle (Crypt:1)
  26 ugly things
  10 cyclopes
  A shadow dragon skeleton (Crypt:2)
  2 orc sorcerers (Depths:2)
  A worldbinder (Abyss:2)
  2 kobold blastminers (Orc:1)
  7 black mambas
  19 fauns
  3 meliai (Spider:3)
  A spectral centaur (Crypt:1)
  An apocalypse crab (Abyss:2)
  A fire giant skeleton (Crypt:2)
  31 moths of wrath
  7 elephants
  A dire elephant zombie (Crypt:3)
  2 stone giant skeletons (Crypt:3)
  12 merfolk sirens
  A rust devil (Abyss:2)
  4 water nymphs
  A gargoyle (D:12)
  8 cane toads
  16 vault sentinels
  3 orange demons
  2 smoke demons
  2 centaur skeletons (Crypt:3)
  2 eyes of devastation (shapeshifter)
  3 torpor snails
  2 spectral nagas (Crypt:1)
  9 komodo dragons
  A storm dragon simulacrum (Zot:2)
  33 yaktaurs
  2 naga skeletons
  An efreet (D:10)
  2 kobold demonologists
  5 large abominations
  A yellow draconian zombie (Crypt:3)
  7 freezing wraiths
  2 dire elephant skeletons (Crypt:3)
  A redback zombie (Crypt:2)
  3 tengu conjurers
  12 rime drakes
  7 trolls
  9 guardian mummies (Crypt:1)
  2 wind drakes
  4 polar bears (Lair:4)
  5 harpy skeletons (Crypt:3)
  23 merfolk
  2 spectral harpies (Crypt:1)
  A red devil (Crypt:2)
  5 hornets
  11 tarantellas
  A tarantella zombie (Crypt:3)
  12 snapping turtles
  13 dream sheep
  17 blink frogs
  A draconian simulacrum (Zot:2)
  A spectral black mamba (Crypt:1)
  19 jumping spiders
  13 culicivoras
  22 slime creatures
  A shadow (D:10)
  51 yaks
  2 centaur simulacra (D:14)
  4 water elementals
  7 wraiths
  A ynoxinul (Abyss:2)
  3 wyverns
  5 basilisks
  3 fire elementals (Spider:3)
  2 steam dragons
  A vampire (D:9)
  11 vampire mosquitoes
  12 humans
  49 redbacks
  2 neqoxecs (Abyss:2)
  2 wind drake skeletons
  Edmund (D:5)
  A demonspawn zombie (Crypt:2)
  A naga zombie (Crypt:3)
  2 acid dragons
  3 hell hounds (Spider:3)
  12 water moccasins
  A black bear (shapeshifter) (D:14)
  An ice beast (D:5)
  14 laughing skulls
  A moth of wrath simulacrum (Zot:2)
  25 orc warriors
  12 ogres
  2 snapping turtle skeletons (Crypt:1)
  14 wolves
  9 centaurs
  4 kobold brigands
  A vine stalker zombie (Crypt:2)
  12 bullfrogs
  A gnoll sergeant (D:8)
  A necrophage (Crypt:1)
  2 small abominations (Abyss:2)
  2 scorpions (D:4)
  A water moccasin zombie (Crypt:3)
  3 cane toad simulacra (Lair:1)
  An elf skeleton (Crypt:2)
  A warg skeleton (Crypt:3)
  19 killer bees
  A yak zombie (Crypt:1)
  2 howler monkeys (D:9)
  2 electric eels (D:10)
  A bullfrog zombie (Crypt:1)
  A quasit (Abyss:2)
  9 iron imps
  4 jellies
  2 hounds
  26 orc priests
  An iguana (D:7)
  22 orc wizards
  Natasha (D:2)
  A basilisk simulacrum (Lair:1)
  A deep dwarf skeleton (Crypt:2)
  8 gnolls
  7 adders
  A steam dragon skeleton (Crypt:3)
  A shadow imp (D:7)
  3 white imps
  A steam dragon simulacrum (Lair:1)
  2 dart slugs (D:2)
  2 ribbon worms (D:5)
  74 orcs
  10 endoplasms
  6 giant cockroaches
  9 goblins
  10 hobgoblins
  2 jackals (D:2)
  6 quokkas
  7 ball pythons
  4 bats (D:1)
  2 frilled lizards
  A gnoll skeleton (Crypt:3)
  21 kobolds
  A kobold skeleton (Crypt:2)
  2 rats
  An aspiring flesh (Zot:3)
  2 tentacles (Shoals:4)
2102 creatures vanquished.

Vanquished Creatures (collateral kills)
  Parghit (Zot:4)
  A fire giant (Vaults:3)
  A draconian scorcher (Zot:4)
  A draconian shifter (Zot:1)
  A vault warden (Vaults:4)
  A great orb of eyes (Vaults:4)
  2 ironbound frosthearts
  An orc high priest (Orc:2)
  2 skysharks (Vaults:1)
  A deep troll (Vaults:3)
  An ironbound convoker (Vaults:3)
  2 harpies (Shoals:3)
  An orc knight (Orc:2)
  A merfolk siren (Shoals:3)
  A vault sentinel (Vaults:3)
  A yaktaur (Vaults:3)
  A merfolk (Lair:2)
  A snapping turtle (Shoals:3)
  An orc warrior (Orc:2)
  A centaur (D:10)
  A killer bee (D:8)
24 creatures vanquished.

Vanquished Creatures (others)
  A dread lich (Zot:5)
  A draconian knight (Zot:2)
  A draconian stormcaller (Depths:4)
  A boulder beetle (D:10)
  An orb spider (Spider:4)
  A cyclops (D:10)
  A storm dragon simulacrum (Zot:2)
  A tarantella (Spider:3)
  2 dream sheep (Shoals:4)
  A jumping spider (Spider:1)
  A redback (Spider:1)
  An acid dragon (D:10)
  An orc warrior (Vaults:5)
  4 tentacles (Shoals:4)
18 creatures vanquished.

Grand Total: 2144 creatures vanquished

Notes
Turn   | Place    | Note
-------+----------+-------------------------------------------
     0 | D:1      | Laraso the Draconian Shapeshifter began the quest for the
                  | Orb.
     0 | D:1      | Reached XP level 1. HP: 16/16 MP: 1/1
    50 | D:1      | Found Geunin's Antique Armour Shoppe.
   207 | D:1      | Reached XP level 2. HP: 23/23 MP: 2/2
   585 | D:1      | Reached XP level 3. HP: 28/28 MP: 3/3
  1304 | D:2      | Noticed Natasha
  1313 | D:2      | Killed Natasha
  1314 | D:2      | Reached XP level 4. HP: 27/35 MP: 4/4
  1539 | D:2      | Identified the +7 buckler of the Bruised Yaks {-Cast
                  | Rampage rElec rC++}
  1919 | D:3      | Found a sparkling altar of Nemelex Xobeh.
  1970 | D:3      | Found a radiant altar of Vehumet.
  1970 | D:3      | Found a hazy altar of Hepliaklqana.
  1979 | D:3      | Found a white marble altar of Elyvilon.
  1981 | D:3      | Found a glowing silver altar of Zin.
  1982 | D:3      | Found an ornate altar of the Wu Jian Council.
  2474 | D:3      | Found an ancient bone altar of Kikubaaqudgha.
  2774 | D:4      | Found a staircase to the Ecumenical Temple.
  2793 | Temple   | Entered the Ecumenical Temple
  2808 | Temple   | Became a worshipper of Qazlal Stormbringer
  2847 | D:4      | Found a bloodstained altar of Trog.
  2874 | D:4      | Reached skill level 5 in Unarmed Combat
  3005 | D:4      | Reached XP level 5. HP: 39/40 MP: 5/5
  3020 | D:4      | Reached skill level 4 in Shapeshifting
  3242 | D:4      | Reached XP level 6. HP: 36/47 MP: 6/6
  3999 | D:5      | Entered Level 5 of the Dungeon
  3999 | D:5      | Noticed Edmund
  4018 | D:5      | Killed Edmund
  4019 | D:5      | Reached skill level 1 in Shields
  4104 | D:5      | Found a hide-covered altar of Uskayaw.
  4111 | D:5      | Reached * piety under Qazlal
  4179 | D:5      | Your scales start taking on a lurid green colour.
  4179 | D:5      | Reached XP level 7. HP: 32/52 MP: 7/7
  4179 | D:5      | Gained mutation: Your system is resistant to poisons.
                  | (rPois) [Green Draconian growth]
  4284 | D:5      | Found a burning altar of Makhleb.
  4413 | D:5      | Found Coradici's General Store.
  4786 | D:5      | Reached skill level 5 in Shapeshifting
  5234 | D:6      | Reached skill level 6 in Shapeshifting
  5431 | D:6      | Reached XP level 8. HP: 48/59 MP: 8/8
  5760 | D:7      | Gained mutation: You are vulnerable to cold. (rC-) [potion
                  | of mutation]
  5760 | D:7      | Gained mutation: Your skin changes colour to match your
                  | surroundings (Stealth+). [potion of mutation]
  5760 | D:7      | Gained mutation: Your mind is acute. (Int +4, Str/Dex -1)
                  | [potion of mutation]
  5761 | D:7      | Lost mutation: Your skin changes colour to match your
                  | surroundings (Stealth+). [potion of mutation]
  5761 | D:7      | Lost mutation: Your mind is acute. (Int +4, Str/Dex -1)
                  | [potion of mutation]
  5761 | D:7      | Gained mutation: You have a pair of small horns on your
                  | head. [potion of mutation]
  5761 | D:7      | Gained mutation: Your muscles are strong. (Str +4, Int/Dex
                  | -1) [potion of mutation]
  5761 | D:7      | Gained mutation: You are covered in fur. (AC +1) [potion of
                  | mutation]
  5839 | D:7      | Found Untol's Weapon Boutique.
  5846 | D:7      | Reached skill level 7 in Shapeshifting
  5990 | D:7      | Got the Annotations on Attendants
  6114 | D:7      | Reached skill level 8 in Shapeshifting
  6338 | D:8      | Reached ** piety under Qazlal
  6471 | D:8      | Reached skill level 9 in Shapeshifting
  6569 | D:8      | Reached XP level 9. HP: 64/64 MP: 9/9
  6733 | D:8      | Found a staircase to the Lair.
  6755 | D:8      | Reached skill level 10 in Shapeshifting
  6858 | D:8      | Found Cirph's Book Boutique.
  7197 | Lair:1   | Entered Level 1 of the Lair of Beasts
  7197 | Lair:1   | Noticed Fannar
  7221 | Lair:1   | Killed Fannar
  7222 | Lair:1   | Reached skill level 11 in Shapeshifting
  7471 | Lair:1   | Found a runed translucent gate.
  7473 | Lair:1   | Found a runed translucent gate.
  7474 | Lair:1   | Found a runed translucent gate.
  7485 | Lair:1   | Noticed a cane toad
  7490 | Lair:1   | Reached skill level 1 in Invocations
  7493 | Lair:1   | Killed a cane toad
  7517 | Lair:1   | Reached XP level 10. HP: 71/71 MP: 12/12
  7543 | Lair:1   | Reached skill level 5 in Invocations
  8001 | Lair:1   | Noticed a cane toad
  8002 | Lair:1   | Noticed ShellytheWitch's ghost (journeyman KoBr)
  8017 | Lair:1   | Killed a cane toad
  8432 | Lair:2   | Noticed an elephant
  8432 | Lair:2   | Noticed an elephant
  8432 | Lair:2   | Noticed an elephant
  8432 | Lair:2   | Noticed an elephant
  8446 | Lair:1   | Killed an elephant
  8643 | Lair:2   | Reached skill level 12 in Shapeshifting
  8838 | Lair:1   | Killed an elephant
  8921 | Lair:2   | Killed an elephant
  8933 | Lair:2   | Killed an elephant
  9117 | Lair:2   | Found a hole to the Spider Nest.
  9117 | Lair:2   | Noticed an orb spider
  9132 | Lair:2   | Killed an orb spider
  9133 | Lair:2   | Reached XP level 11. HP: 83/83 MP: 16/16
  9507 | Lair:2   | Noticed a skyshark
  9527 | Lair:2   | Killed a skyshark
  9660 | Lair:2   | Reached skill level 5 in Fighting
  9672 | Lair:2   | Reached *** piety under Qazlal
  9694 | Lair:2   | Reached skill level 5 in Dodging
  9794 | Lair:2   | Reached skill level 13 in Shapeshifting
 10037 | Lair:2   | Found a staircase to the Shoals.
 10467 | Lair:3   | Noticed a catoblepas
 10468 | Lair:3   | Noticed a catoblepas
 10531 | Lair:3   | Killed a catoblepas
 10687 | Lair:3   | Killed a catoblepas
 10688 | Lair:3   | Reached skill level 14 in Shapeshifting
 11306 | Lair:2   | Reached XP level 12. HP: 57/94 MP: 17/17
 11613 | Lair:3   | Learned a level 2 spell: Blink
 11669 | Lair:3   | Reached skill level 1 in Spellcasting
 11669 | Lair:3   | Reached skill level 1 in Translocations
 11804 | Lair:3   | Found a transporter.
 11806 | Lair:3   | Found a transporter.
 11913 | Lair:3   | Noticed Iich's ghost (journeyman DsFi)
 11964 | Lair:3   | Identified a scroll of acquirement
 11964 | Lair:3   | Acquired 1025 gold pieces
 12053 | Lair:3   | Found a bloodstained altar of Trog.
 13074 | Lair:4   | Reached skill level 10 in Unarmed Combat
 13177 | Lair:4   | Reached skill level 15 in Shapeshifting
 13278 | Lair:4   | Noticed an eight-headed hydra
 13286 | Lair:4   | Killed an eight-headed hydra
 13946 | Lair:4   | Found a staircase to the Slime Pits.
 14074 | Lair:4   | Reached XP level 13. HP: 100/100 MP: 18/18
 14529 | Lair:5   | Entered Level 5 of the Lair of Beasts
 14662 | Lair:4   | Reached **** piety under Qazlal
 16451 | D:9      | Found a blossoming altar of Fedhas.
 16644 | D:9      | Found a snail-covered altar of Cheibriados.
 16647 | D:9      | Reached ***** piety under Qazlal
 17401 | D:9      | Lost mutation: You are covered in fur. (AC +1) [potion of
                  | mutation]
 17401 | D:9      | Lost mutation: You are vulnerable to cold. (rC-) [potion of
                  | mutation]
 17436 | D:10     | Entered Level 10 of the Dungeon
 18197 | D:10     | Noticed a stone giant
 18205 | D:10     | Killed a stone giant
 18475 | D:10     | Found a staircase to the Orcish Mines.
 18717 | D:10     | Found a glowing golden altar of the Shining One.
 19081 | D:11     | Reached skill level 15 in Unarmed Combat
 19081 | D:11     | Reached skill level 1 in Evocations
 19184 | D:11     | Gained mutation: Your tail ends in a venomous barb. [Green
                  | Draconian growth]
 19184 | D:11     | Reached XP level 14. HP: 94/107 MP: 19/19
 19963 | D:12     | Found an iron altar of Okawaru.
 19983 | D:12     | Found a gateway to a bazaar.
 20599 | Bazaar   | Entered a bazaar
 20601 | Bazaar   | Found Nuximuzi's Armour Boutique.
 20605 | Bazaar   | Found Urphus's Jewellery Boutique.
 20605 | Bazaar   | Found Suozaske's Book Boutique.
 20606 | Bazaar   | Found Boip's General Store.
 20631 | Bazaar   | Bought a blade talisman for 270 gold pieces
 20640 | Bazaar   | Bought a +2 pair of boots of flying for 215 gold pieces
 20650 | Bazaar   | Bought a book of Burglary for 176 gold pieces
 20655 | Bazaar   | Bought an amulet of guardian spirit for 270 gold pieces
 21353 | D:13     | Identified the +6 rapier "Zookad" {freeze, *Rage rElec
                  | Int+3}
 21837 | D:14     | Noticed an ironbound preserver
 21841 | D:14     | Killed an ironbound preserver
 21842 | D:14     | Reached skill level 16 in Shapeshifting
 22608 | D:14     | Found a gate to the Vaults.
 22867 | D:14     | Learned a level 3 spell: Swiftness
 22911 | D:15     | Entered Level 15 of the Dungeon
 22952 | D:15     | Reached skill level 1 in Air Magic
 23425 | Orc:1    | Entered Level 1 of the Orcish Mines
 23452 | Orc:1    | Found a radiant altar of Vehumet.
 23730 | Orc:2    | Entered Level 2 of the Orcish Mines
 23743 | Orc:2    | Noticed Snorg
 23754 | Orc:2    | Killed Snorg
 23754 | Orc:2    | Reached ****** piety under Qazlal
 23755 | Orc:2    | Reached XP level 15. HP: 113/113 MP: 15/20
 23964 | Orc:2    | Found a staircase to the Elven Halls.
 24211 | Orc:2    | Reached skill level 5 in Translocations
 24226 | Orc:2    | Reached skill level 17 in Shapeshifting
 24238 | Orc:2    | Gained mutation: Your magical capacity is low. (-10% MP) [a
                  | neqoxec]
 24729 | Orc:2    | Found Riprikah's Book Shop.
 24729 | Orc:2    | Found Owagawit's Magic Scroll Shop.
 24730 | Orc:2    | Found Teint's Assorted Antiques.
 24730 | Orc:2    | Found Tihirisa's Armour Shop.
 24738 | Orc:2    | Bought a clear potion for 25 gold pieces
 24741 | Orc:2    | Bought a scroll of identify for 32 gold pieces
 24741 | Orc:2    | Bought a scroll of identify for 32 gold pieces
 24741 | Orc:2    | Bought a scroll of identify for 32 gold pieces
 24937 | Orc:1    | Reached skill level 5 in Air Magic
 25105 | D:15     | Found Mynku's Magic Scroll Emporium.
 25156 | D:15     | Found a staircase to the Depths.
 26247 | Slime:1  | Entered Level 1 of the Pits of Slime
 26247 | Slime:1  | Noticed an acid blob
 26247 | Slime:1  | Noticed an acid blob
 26326 | Spider:1 | Entered Level 1 of the Spider Nest
 26333 | Spider:1 | Noticed an emperor scorpion
 26428 | Lair:2   | Killed an emperor scorpion
 26753 | Lair:2   | Learned a level 2 spell: Lesser Beckoning
 27742 | Spider:2 | Reached XP level 16. HP: 128/128 MP: 19/19
 28101 | Spider:2 | Found a transporter.
 28102 | Spider:2 | Found a transporter.
 29485 | Spider:3 | Noticed Azrael
 29490 | Spider:3 | Killed Azrael
 30410 | Spider:4 | Entered Level 4 of the Spider Nest
 30822 | Spider:3 | Reached skill level 10 in Fighting
 30901 | Spider:3 | Reached skill level 18 in Shapeshifting
 31499 | Spider:4 | Got a gossamer rune of Zot
 31660 | Lair:1   | Killed ShellytheWitch's ghost
 31757 | Shoals:1 | Entered Level 1 of the Shoals
 31767 | Lair:2   | Reached skill level 10 in Dodging
 31924 | Shoals:1 | Reached XP level 17. HP: 146/146 MP: 20/20
 33015 | Shoals:2 | Acquired the ring "Huotem" {Will+ Dex+3 SInv}
 33065 | Shoals:2 | Noticed Roxanne
 33079 | Shoals:2 | Killed Roxanne
 33663 | Shoals:3 | Found Kuiging's Vocational Training.
 33665 | Shoals:3 | Noticed Jorgrun
 33675 | Shoals:3 | Killed Jorgrun
 33940 | Shoals:3 | Noticed Ilsuiw
 33959 | Shoals:3 | Killed Ilsuiw
 34063 | Shoals:3 | Reached skill level 10 in Invocations
 34084 | Shoals:4 | Entered Level 4 of the Shoals
 34098 | Shoals:4 | Reached skill level 19 in Shapeshifting
 34213 | Shoals:3 | Bought a manual of Invocations for 1200 gold pieces
 35280 | Shoals:4 | Found a white marble altar of Elyvilon.
 35753 | Shoals:4 | Reached XP level 18. HP: 154/154 MP: 23/25
 35817 | Shoals:4 | Found a glowing silver altar of Zin.
 35860 | Shoals:4 | Got a barnacled rune of Zot
 35867 | Shoals:4 | Identified the +5 giant club of the Conjuring Wolf {elec,
                  | rF++ Str+2}
 36333 | Shoals:4 | Found a glowing golden altar of the Shining One.
 36731 | Vaults:1 | Entered Level 1 of the Vaults
 36731 | Vaults:1 | Noticed Zenata
 36765 | D:14     | Killed Zenata
 36766 | D:14     | Reached skill level 15 in Invocations
 37414 | Vaults:1 | Reached skill level 20 in Shapeshifting
 37672 | Vaults:1 | Noticed Norris
 37685 | Vaults:1 | Killed Norris
 38969 | Vaults:1 | Reached XP level 19. HP: 162/162 MP: 26/27
 39373 | Vaults:2 | Found Vunuqilo's Distillery.
 39380 | Vaults:2 | Bought a potion of haste for 230 gold pieces
 39380 | Vaults:2 | Bought a potion of haste for 230 gold pieces
 39380 | Vaults:2 | Bought a potion of might for 92 gold pieces
 39866 | Vaults:2 | Reached skill level 21 in Shapeshifting
 41060 | Vaults:3 | Identified the orb "Xumig" {light, Harm Int+2}
 41060 | Vaults:3 | Noticed Frederick
 41069 | Vaults:3 | Killed Frederick
 41070 | Vaults:3 | Reached skill level 15 in Fighting
 41821 | Vaults:3 | Found a staircase to the Crypt.
 41821 | Vaults:3 | Found a basalt altar of Yredelemnul.
 41821 | Vaults:3 | Found an ancient bone altar of Kikubaaqudgha.
 42153 | Vaults:3 | Reached XP level 20. HP: 178/178 MP: 28/28
 42315 | Crypt:1  | Entered Level 1 of the Crypt
 44056 | Crypt:1  | Noticed a royal mummy
 44094 | Crypt:1  | Killed a royal mummy
 44603 | Crypt:2  | Noticed Margery
 44613 | Crypt:2  | Killed Margery
 44620 | Crypt:2  | Killed the ghostly Margery
 45375 | Crypt:3  | Entered Level 3 of the Crypt
 45501 | Crypt:2  | Reached skill level 15 in Dodging
 45863 | Crypt:3  | Reached skill level 5 in Shields
 45938 | Crypt:3  | Found a one-way gate to the infinite horrors of the Abyss.
 46325 | Crypt:3  | Reached XP level 21. HP: 171/171 MP: 29/29
 46351 | Crypt:3  | Reached skill level 22 in Shapeshifting
 46620 | Crypt:3  | Found a basalt altar of Yredelemnul.
 46650 | Crypt:3  | Noticed a dread lich
 46658 | Crypt:3  | Paralysed by a dread lich for 2 turns
 46664 | Crypt:3  | Killed a dread lich
 46688 | Crypt:3  | Identified the +8 battleaxe of Abuse {holy, Int+3}
 47294 | Crypt:3  | Found a staircase to the Tomb.
 48145 | D:8      | Bought a book of Winter for 408 gold pieces
 48150 | D:8      | Learned a level 4 spell: Vhi's Electric Charge
 48154 | D:8      | Learned a level 3 spell: Ozocubu's Armour
 48462 | Vaults:4 | Found Pessipp's Book Shoppe.
 48481 | Vaults:4 | Reached skill level 1 in Ice Magic
 48512 | Vaults:4 | Bought a book of Dreams for 336 gold pieces
 48515 | Vaults:4 | Learned a level 2 spell: Ensorcelled Hibernation
 48593 | Vaults:4 | Learned a level 3 spell: Fugue of the Fallen
 48596 | Vaults:4 | Reached skill level 10 in Shields
 48772 | Vaults:4 | Reached skill level 1 in Necromancy
 49640 | Depths:1 | Entered Level 1 of the Depths
 49814 | Depths:1 | Noticed Asterion
 49823 | Depths:1 | Killed Asterion
 49964 | Depths:1 | Found a runed translucent door.
 49991 | Depths:1 | Reached XP level 22. HP: 195/195 MP: 30/30
 50168 | Depths:1 | Found Pejokeeg's Antique Armour Emporium.
 50220 | Depths:1 | Found Goaruxku's Assorted Antiques.
 50228 | Depths:1 | Bought a scroll of blinking for 232 gold pieces
 50237 | Depths:1 | Found Ebucoyhuo's Distillery.
 50244 | Depths:1 | Bought a potion of heal wounds for 80 gold pieces
 50244 | Depths:1 | Bought a potion of enlightenment for 80 gold pieces
 50244 | Depths:1 | Bought a potion of might for 64 gold pieces
 50244 | Depths:1 | Bought a potion of invisibility for 128 gold pieces
 50295 | Depths:1 | Found Raowaroc's General Store.
 50303 | Depths:1 | Bought a potion of resistance for 240 gold pieces
 50480 | Depths:1 | Found a one-way gate leading to the halls of Pandemonium.
 50604 | Depths:1 | Found a one-way gateway to a ziggurat.
 50670 | Depths:1 | Found a gateway to Hell.
 50918 | Depths:2 | Reached skill level 5 in Ice Magic
 51315 | Depths:2 | Noticed Saint Roka
 51332 | Depths:2 | Killed Saint Roka
 51595 | Depths:2 | Noticed a caustic shrike
 51600 | Depths:2 | Killed a caustic shrike
 51867 | Depths:2 | Reached skill level 5 in Necromancy
 52685 | Depths:3 | Noticed a golden dragon
 52731 | Depths:2 | Killed a golden dragon
 52999 | Depths:3 | Noticed a caustic shrike
 53009 | Depths:3 | Killed a caustic shrike
 53590 | Depths:3 | You fall into a shaft and drop 1 floor!
 53590 | Depths:4 | Entered Level 4 of the Depths
 53943 | Depths:4 | Reached skill level 23 in Shapeshifting
 54816 | Depths:4 | Noticed a golden dragon
 54827 | Depths:4 | Killed a golden dragon
 54828 | Depths:4 | Reached XP level 23. HP: 125/202 MP: 29/31
 54844 | Depths:4 | Found a gate to the Realm of Zot.
 55495 | Depths:4 | Found a white marble altar of Elyvilon.
 55953 | Vaults:5 | Entered Level 5 of the Vaults
 56161 | Vaults:5 | Identified the ring of the Shining Light {Fly Dex+3}
 56163 | Vaults:5 | Reached skill level 24 in Shapeshifting
 56886 | Abyss:2  | Cast into level 2 of the Abyss (hell knight)
 57038 | Vaults:5 | Escaped the Abyss
 57310 | Vaults:5 | Reached skill level 25 in Shapeshifting
 57316 | Vaults:5 | Paralysed by a sphinx for 3 turns
 57409 | Vaults:5 | Got a silver rune of Zot
 57673 | Vaults:5 | Identified the ring "Ynaicurch" {rPois rC+ SInv}
 58031 | Vaults:5 | Got the Precepts of Fire and the Serac
 58049 | Vaults:5 | Identified the +0 pair of gloves of Beyond {Int+7 Dex-3}
 58197 | Vaults:5 | Identified the +10 sling "Xellodgh" {speed, rElec rN+}
 58426 | Vaults:5 | Identified the +0 buckler of Teurpheuwn {rPois Int+2}
 58692 | Zot:1    | Entered Level 1 of the Realm of Zot
 58698 | Zot:1    | Noticed Grunn
 58702 | Zot:1    | Reached XP level 24. HP: 210/210 MP: 32/32
 59511 | Depths:4 | Killed Grunn
 60144 | Zot:1    | You fall into a shaft and drop 1 floor!
 61590 | Zot:2    | Identified the ring of the Sybil {Ice Dex+5}
 61590 | Zot:2    | Noticed Josephina
 61602 | Zot:2    | Killed Josephina
 61886 | Zot:2    | Noticed a Killer Klown
 61891 | Zot:2    | Noticed a Killer Klown
 61912 | Zot:2    | Killed a Killer Klown
 61922 | Zot:2    | Killed a Killer Klown
 62033 | Zot:2    | Noticed a Killer Klown
 62047 | Zot:2    | Killed a Killer Klown
 62725 | Zot:3    | Noticed an ancient lich
 62835 | Zot:3    | Killed an ancient lich
 63457 | Zot:3    | Reached XP level 25. HP: 222/222 MP: 32/32
 63490 | Zot:3    | Identified the +4 halberd of Gozag's Fury {drain, +Blink
                  | rN+ rCorr}
 63523 | Zot:3    | Learned a level 3 spell: Vampiric Draining
 63564 | Zot:3    | Identified the +2 great mace of Descent {flame, rC+ Will+
                  | Str-4}
 64915 | Zot:4    | Noticed a Killer Klown
 64960 | Zot:4    | Killed a Killer Klown
 65068 | Zot:4    | Noticed Parghit
 65101 | Zot:4    | Killed Parghit
 65197 | Zot:4    | Noticed a Killer Klown
 65207 | Zot:4    | Killed a Killer Klown
 66922 | Zot:4    | Got Sif Muna's Writings on Glacial Terrain
 67037 | Zot:5    | Entered Level 5 of the Realm of Zot
 67733 | Zot:5    | Noticed an ancient lich
 67740 | Zot:5    | Noticed a dread lich
 67743 | Zot:5    | Killed an ancient lich
 67762 | Zot:5    | Killed a dread lich
 67909 | Zot:5    | Noticed a Killer Klown
 67936 | Zot:5    | Killed a Killer Klown
 67941 | Zot:5    | Noticed an orb of fire
 68392 | Zot:5    | Killed an orb of fire
 68425 | Zot:5    | Noticed a dread lich
 68432 | Zot:5    | Killed a dread lich
 68973 | Zot:5    | Reached XP level 26. HP: 217/240 MP: 32/32
 69184 | Zot:5    | Noticed a dread lich
 69195 | Zot:5    | Killed a dread lich
 69204 | Zot:5    | Noticed an orb of fire
 69229 | Zot:5    | Killed an orb of fire
 69234 | Zot:5    | Noticed an orb of fire
 69252 | Zot:5    | Noticed a dread lich
 69252 | Zot:5    | Noticed a dread lich
 69280 | Zot:5    | Killed an orb of fire
 69281 | Zot:5    | Paralysed by something for 3 turns
 69706 | Zot:5    | Identified the +3 falchion of Dominance {freeze, rElec
                  | rPois rF++ Will-}
 70026 | Zot:5    | Killed a dread lich
 70175 | Zot:5    | Killed a dread lich
 70598 | Zot:5    | Got the Orb of Zot
 71258 | D:$      | Escaped with the Orb!

Illustrated notes

Levels and vault maps discovered:
D:1:      psy_arrival_radial01, layout_basic, serial_shops,
          nicolae_shop_overgrown_old_shop
D:2:      layout_loops_corners, uniq_natasha
D:3:      layout_loops_corners, kiku_gazebo_garden_becter,
          chequers_temple_overflow_minitemple, nemelex_spade_bored_becter
D:4:      layout_cave_pods, lemuel_crystal_altar, minmay_temple_entry_crystal_x,
          serial_bayou, serial_bayou_ford_a, serial_bayou_pond_c,
          serial_bayou_pond_c, serial_bayou_lagoon_b
D:5:      minmay_chambers_of_fours, layout_loops_cross, general_overflow_altar,
          nicolae_uskayaw_murder_on_the_dancefloor, serial_shops, shop,
          nicolae_titane, uniq_edmund
D:6:      nicolae_cairo_tiling_large_dashed, layout_layer_cave
D:7:      layout_basic, serial_shops, shop, grunt_ministairs_3
D:8:      layout_loops_ring, erik_lair_orcish_takeover, serial_shops, shop,
          hex_tiny, minmay_stone_trees_small, serial_library_hellmonk_hallway_a,
          mrwooster_statue_mirror
D:9:      layout_basic, nicolae_overflow_crystal_walls, slow_altar_1
D:10:     nzn_winding_woodlands_cross [nzn_winding_woodlands_5x15_lazy_stream,
          nzn_winding_woodlands_5x15_pathside_ponds,
          nzn_winding_woodlands_5x15_sawtooth, nzn_winding_woodlands_5x15_eye,
          nzn_winding_woodlands_15x15_thick_spiral], layout_rooms,
          kennysheep_mini, orc_0_dummy, chequers_arboretum, lightli_minifort
D:11:     layout_cave_pools
D:12:     layout_irregular_city, serial_shops, bzr_entry_gold,
          hellmonk_okawaru_the_only_friend_you_need
D:13:     layout_small_grid
D:14:     layout_loops_ring, skrybe_vaults_entry_preservation, minivault_23,
          columned_hall_lemuel
D:15:     gammafunk_depths_entry_grave, layout_long_grid, serial_park_paths
          [serial_park_minivault_5x5_1], serial_shops, shop
Temple:   nicolae_temple_cloud_nine
Lair:1:   layout_regular_city, gammafunk_ghost_icy, grunt_megastairs_5,
          uniq_fannar
Lair:2:   layout_loops_ring, elwin_shoals_entry_stream,
          nicolae_spider_entry_orb_guardian, portal_ice_cave_rime
Lair:3:   nzn_motion_control, layout_cave_pods,
          gammafunk_ghost_wrathful_warriors
Lair:4:   layout_gridlike, minmay_slime_entry_pillars, gauntlet_entry_generic,
          cheibrodos_lair_caveside_slide, st_stairs_5, minmay_lair_drake_nest,
          grunt_megastairs_1
Lair:5:   gammafunk_lair_ancient_temple, layout_big_grid, hellmonk_talismancer
Shoals:1: layout_shoals, nicolae_shoals_so_close
Shoals:2: layout_shoals, uniq_roxanne
Shoals:3: layout_shoals, nicolae_shop_vocational, uniq_jorgrun, uniq_ilsuiw
Shoals:4: shoals_end_hellmonk_holy_island
Spider:1: layout_spider_delve
Spider:2: gammafunk_boulding_lane, nicolae_spider_cling_halls
Spider:3: layout_chambers, hangedman_spider_tarantella_strand, uniq_azrael
Spider:4: grunt_spider_rune_circles
Slime:1:  layout_caves
Orc:1:    layout_diamond_mine, basic_altar, nicolae_orc_sculptors_studio
Orc:2:    st_orc_pillars, layout_diamond_mine, uniq_snorg
Vaults:1: v_misc_12, nicolae_vaults_tangram_2, grunt_vaults_bifocal,
          grunt_vaults_swirl, vaults_room_boxed, nicolae_vaults_murderbox,
          nicolae_vaults_offset_grid_hallway_3,
          hangedman_vaults_stretched_pinwheel, nicolae_vaults_little_ls,
          vaults_room_pools, ontoclasm_vaults_ligature, layout_vaults_ring,
          uniq_zenata, uniq_norris
Vaults:2: vaults_room_pools, hangedman_vaults_river_flow,
          nicolae_vaults_hexular_roomagon, nicolae_vaults_network_square,
          nicolae_vaults_little_squares_1, v_misc_24, dpeg_vaults_monster_box,
          grunt_vaults_diagonal, vaults_standard_mumra_enter_the_diamond,
          nicolae_vaults_layer_cake_slice, ontoclasm_vaults_eye,
          layout_vaults_omnicross, serial_shops, nicolae_diamond_shop
Vaults:3: nicolae_vaults_storage_closets_1, nicolae_vaults_frosty_reception,
          nicolae_vaults_shelves_hall, nicolae_vaults_alarming,
          ontoclasm_vaults_pinch, dpeg_vaults_waves, hangedman_vaults_snaps,
          v_rooms_3, nicolae_vaults_diamond_1, minmay_crypt_entry_necro_gods,
          nicolae_vaults_surprise_closet, vaults_room_pools,
          layout_vaults_quadrants, uniq_frederick
Vaults:4: nicolae_vaults_cochlea, nicolae_vaults_offset_grid_hallway_1,
          nicolae_vaults_tetromino_L_1, v_alt_pattern_1, v_misc_13,
          nicolae_vaults_arrows, vaults_room_door_ring, vaults_mumra_minichess,
          vaults_room_large_hall, nicolae_vaults_three_branches,
          nicolae_vaults_ring_of_whatevers, nicolae_vaults_variable_pillar_hall,
          nicolae_vaults_border_crossing, nicolae_vaults_enemy_cabinets,
          ontoclasm_vaults_chip, layout_vaults_omnibox, serial_shops, shop
Vaults:5
Crypt:1:  lemuel_minitomb, layout_misc_corridors
Crypt:2:  layout_misc_corridors, serial_glass, glass_columns_c, glass_columns_b,
          uniq_margery
Crypt:3:  church_of_pain_bobbens, layout_chaotic_city,
          nicolae_tomb_entry_rubble_hallway, lemuel_hellish_altar
Depths:1: layout_long_grid, enter_ziggurat_f, minmay_misc_feat_pillars,
          pan_entry, serial_shops, shop_fountains, shop, shop,
          nicolae_shop_tiny_glass, hangedman_abyss_entry_splay,
          pf_hell_entry_tar_spiral, minmay_acid_items, serial_bayou_shore_b,
          uniq_asterion
Depths:2: minmay_quarter_circles, layout_basic, pan_entry, minmay_holes,
          hell_entry, nicolae_fountain_basement, uniq_saint_roka
Depths:3: minmay_distorted_concentric_squares, layout_gridville,
          serial_library_hellmonk_junction, grunt_pan_entry_in_and_out,
          hell_entry, abyss_entry, infiniplex_staircase_star
Depths:4: grunt_zot_entry_alcove, layout_basic, serial_glass, glass_columns_a,
          glass_columns_a, glass_columns_a, glass_columns_a, glass_columns_a,
          glass_columns_a, hangedman_geh_valley, elyvilon_altar_5,
          grunt_megastairs_4
Zot:1:    layout_twisted_circle, uniq_grunn
Zot:2:    circus_mu, layout_twisted_circle, guppyfry_library_mini,
          uniq_josephina
Zot:3:    hangedman_zot_vaults_quadrants, layout_onion_interference
Zot:4:    cheibrodos_zot_enchanting_chambers, layout_onion_interference,
          uniq_parghit
Zot:5:    layout_gridlike

Skill      XL: |  1  2  3  4  5  6  7  8  9 10 11 12 13 14 15 16 17 18 19 20 21 22 23 24 25 26 |
---------------+-------------------------------------------------------------------------------+-----
Unarmed Combat | 4 5 6 7 11 15 16 17 20 | 20.0
Shapeshifting  | 4 6 9 11 12 14 15 16 17 18 19 20 21 22 23 25 | 25.0
Shields        | 1 3 5 10 12 | 12.0
Invocations    | 3 7 13 16 18 | 18.0
Dodging        | 3 5 7 10 13 15 16 17 19 20 | 20.3
Fighting       | 3 5 8 11 12 15 16 17 20 21 | 21.7
Spellcasting   | 2 3 4 |  4.0
Translocations | 3 4 5 |  5.0
Evocations     | 1 3 |  3.0
Air Magic      | 2 6 |  6.0
Ice Magic      | 4 9 |  9.0
Necromancy     | 3 5 |  5.0

Action                     |  1- 3 |  4- 6 |  7- 9 | 10-12 | 13-15 | 16-18 | 19-21 | 22-24 | 25-27 || total
---------------------------+-------+-------+-------+-------+-------+-------+-------+-------+-------++-------
  Melee: Unarmed           |   108 |   168 |   197 |   554 |  1044 |   948 |  1471 |  1414 |   878 ||  6782
         Tailslap          |    13 |    15 |    22 |    90 |   176 |   192 |   357 |   331 |   226 ||  1422
         Punch             |     1 |     1 |       |       |    15 |       |     1 |     2 |       ||    20
         Headbutt          |       |       |    33 |   114 |   296 |   242 |   477 |   454 |   313 ||  1929
         Constrict         |       |       |     3 |    14 |     1 |       |       |       |       ||    18
         Bite              |       |       |       |       |       |       |       |     5 |       ||     5
   Cast: Lesser Beckoning  |       |       |       |       |     8 |     9 |       |       |       ||    17
         Swiftness         |       |       |       |       |       |     2 |       |     8 |     3 ||    13
         Ozocubu's Armour  |       |       |       |       |       |       |       |    44 |    45 ||    89
         Fugue of the Fall |       |       |       |       |       |       |       |    11 |     1 ||    12
         Blink             |       |       |       |       |       |       |       |     1 |     4 ||     5
 Invoke: Upheaval          |       |       |       |     9 |     4 |    13 |     6 |     8 |       ||    40
         Elemental Force   |       |       |       |       |     2 |     3 |     2 |     2 |     2 ||    11
         Disaster Area     |       |       |       |       |       |       |       |     8 |       ||     8
Ability: Begin Untransform |       |     1 |       |     1 |       |       |       |       |     1 ||     3
         Breathe Noxious F |       |       |    13 |    21 |    10 |       |       |     1 |       ||    45
         Siphon Essence    |       |       |       |       |       |       |       |       |     2 ||     2
  Evoke: Wand              |       |       |       |     4 |       |       |       |     1 |       ||     5
         Box of beasts     |       |       |       |       |       |       |       |     1 |       ||     1
    Use: Scroll            |       |     9 |     8 |     7 |    14 |     3 |     2 |     5 |    12 ||    60
         Potion            |       |     3 |     2 |     1 |     1 |     3 |     4 |     7 |     2 ||    23
   Stab: Sleeping          |       |     1 |       |       |       |       |       |       |       ||     1
         Confused          |       |       |    10 |    12 |     4 |       |       |     1 |       ||    27
         Betrayed ally     |       |       |       |     1 |       |       |       |       |       ||     1
         Paralysed         |       |       |       |       |       |       |     4 |     1 |     4 ||     9
         Distracted        |       |       |       |       |       |       |     1 |       |       ||     1
 Armour: Skin              |    50 |    71 |    54 |   293 |   871 |  1440 |   765 |  1156 |   273 ||  4973
  Dodge: Dodged            |    54 |    56 |    48 |   363 |   721 |  1265 |   919 |  1322 |   339 ||  5087
         Repelled          |       |       |       |       |    12 |    10 |    23 |    69 |    26 ||   140
  Block: Buckler           |       |    67 |    99 |    64 |   425 |       |       |       |       ||   655
         Other             |       |       |     1 |    64 |   142 |       |     9 |     7 |       ||   223
         Kite shield       |       |       |       |       |   184 |  1852 |  2258 |  2561 |   990 ||  7845
         Reflection        |       |       |       |       |       |       |    20 |    56 |     9 ||    85
   Form: Beast             |       |     1 |       |     1 |       |       |       |       |       ||     2
         Serpent           |       |       |     1 |     1 |     1 |       |       |       |       ||     3
         Flux              |       |       |       |     3 |     2 |     1 |       |       |       ||     6
         Statue            |       |       |       |       |     3 |     2 |     2 |     1 |     2 ||    10
         Blade             |       |       |       |       |     2 |       |     2 |       |       ||     4
                           |       |       |       |       |       |     1 |       |       |       ||     1
         Maw               |       |       |       |       |       |       |     1 |       |       ||     1
         Dragon            |       |       |       |       |       |       |       |     1 |     1 ||     2
         Death             |       |       |       |       |       |       |       |       |     3 ||     3

Table legend: (Time is in decaauts)
 A = Elapsed time spent in this place.
 B = Non-inter-level travel time spent in this place.
 C = Inter-level travel time spent in this place.
 D = Time resting spent in this place.
 E = Time spent auto-exploring this place.
 F = Levels seen in this place.
 G = Mean time per level.
                   A        B        C        D        E       F      G
               +--------+--------+--------+--------+--------+-----+--------+
         Total |  90421 |  83276 |   7145 |  23933 |  41075 |  51 | 1773.0 |
       Dungeon |  18302 |  15732 |   2570 |   2314 |  10858 |  15 | 1220.1 |
        Temple |     22 |     15 |      7 |      0 |      8 |   1 |   22.0 |
          Lair |  10441 |   9546 |    895 |   3345 |   4394 |   5 | 2088.2 |
        Shoals |   7015 |   6747 |    268 |   1513 |   3767 |   4 | 1753.8 |
   Spider Nest |   7064 |   6567 |    497 |   2122 |   3015 |   4 | 1766.0 |
    Slime Pits |      2 |      1 |      1 |      0 |      0 |   1 |    2.0 |
  Orcish Mines |   2201 |   2044 |    157 |    397 |   1179 |   2 | 1100.5 |
        Vaults |  14669 |  13321 |   1348 |   3758 |   6598 |   5 | 2933.8 |
         Crypt |   7080 |   6591 |    489 |   1327 |   3101 |   3 | 2360.0 |
        Depths |  10191 |   9760 |    431 |   3583 |   4417 |   4 | 2547.8 |
           Zot |  13147 |  12670 |    477 |   5508 |   3708 |   5 | 2629.4 |
         Abyss |    211 |    211 |      0 |     63 |      0 |   1 |  211.0 |
        Bazaar |     70 |     70 |      0 |      0 |     26 |   1 |   70.0 |
               +--------+--------+--------+--------+--------+-----+--------+

Top non-repeatable levels by time:
Vaults:4: 3953 daAuts
   Zot:2: 3783 daAuts
Depths:4: 3499 daAuts
Vaults:1: 3333 daAuts
Vaults:3: 3248 daAuts
 Crypt:1: 2919 daAuts
Depths:2: 2865 daAuts
Spider:3: 2735 daAuts
  Lair:2: 2672 daAuts
  Lair:3: 2595 daAuts
   Zot:4: 2562 daAuts
 Crypt:3: 2465 daAuts
   Zot:3: 2382 daAuts
  Lair:4: 2372 daAuts
Spider:2: 2351 daAuts
